 Dungeon Crawl Stone Soup version 0.32-a0-131-g9dbbe29261 (webtiles) character file.

Game seed: 7318685442298326421

2 zeratav the Ruffian (level 1, 0/13 HPs)
             Began as an Octopode Shapeshifter on Feb 8, 2024.
             Slain by a quokka (5 damage)
             ... on level 1 of the Dungeon.
             The game lasted 00:00:10 (40 turns).

zeratav the Ruffian (Octopode Shapeshifter)           Turns: 40, Time: 00:00:10

Health: 0/13       AC:  1    Str: 13    XL:     1   Next: 30%
Magic:  1/1        EV: 13    Int: 12    God:
Gold:   0          SH:  0    Dex: 11    Spells: 0/0 levels left

rFire   . .          .
                       - Unarmed
rCold   . . .        (no shield)
rNeg    . . .        (helmet currently unavailable)
rPois   .            (no amulet)
rElec   .            (no ring)
rCorr   .            (no ring)
SInv    .            (no ring)
Will    .....        (no ring)
Stlth   ++           (no ring)
HPRegen 0.22/turn    (no ring)
MPRegen 0.07/turn    (no ring)
                     (no ring)

%: no passive effects
@: beast-form
A: beast (slay +1), almost no armour, amphibious, 8 rings, camouflage 1,
gelatinous body 1, (nimble swimmer 1), tentacles
a: Begin Untransformation


You were on level 1 of the Dungeon.
You were a hulking beast.
You visited 1 branch of the dungeon, and saw 1 of its levels.


Innate Abilities, Weirdness & Mutations

You are a hulking beast.
Your limbs bulge with bestial killing power. (Slay +1)
You cannot wear most types of armour.
You are amphibious.
You can wear up to eight rings at the same time.
Your skin changes colour to match your surroundings (Stealth+).
Your rubbery body absorbs attacks. (AC +1, EV +1)
((You are camouflaged when in or above water. (Stealth+)))
You have tentacles for arms and can constrict up to eight enemies at once.


   Skills:
 - Level 1.0 Fighting
 - Level 2.0 Dodging
 + Level 1.1 Stealth
 - Level 3.0 Unarmed Combat
 - Level 3.0 Shapeshifting


You couldn't memorise any spells.
You didn't know any spells.
Your spell library was empty.

Inventory:

Talismans
 b - a beast talisman
 c - a flux talisman
Potions
 a - a potion of lignification {!q}

Dungeon Overview and Level Annotations

Branches:
Dungeon (1/15) Zot: 5959

Altars:

.#.#.#.#.##.......#.# .
###.#.###.##........##..
##.## ##.#...........
#.# #.#....†...... #.#
#........# ..#
#.......## .#
#.##(##†######.
......##.......>
##...####h.......
#......r.......#
...............#
##...r###.......# .#.
#.......# # #.......#
#########


You could see 2 quokkas.


Message History

🤖 Initializing magus.rc ...
Bad channel name 'pray' for runrest: 'pray:' Options error: Missing colour in message_colour setting: 'that.*feels deathly cold' Options error: Missing colour in message_colour setting: 'and you must be Full or above to equip it' Options error: Missing colour in message_colour setting: 'but rights himself reflexively soon after' Options error: Missing colour in message_colour setting: 'before it is too late' ✅ Successfully initialized magus.rc [v1.9.6] Welcome, zeratav the Octopode Shapeshifter.
Below lies the Orb of Zot, rumoured to be powerful enough to resurrect a god...
Press ? for a list of commands and other information.
Found a staircase leading out of the dungeon.
A rat and a quokka come into view.
A bat comes into view.
The helpless rat fails to defend itself.
You tentacle-slap the rat.
You kill the rat!
You tentacle-slap the bat. You grab the bat. You constrict the bat.
The bat barely misses you.
The bat struggles to escape constriction.
The bat escapes!
You tentacle-slap the bat. Your grab misses the bat.
You squeeze the bat, but do no damage. The bat closely misses you.
The bat closely misses you. The bat barely misses you.
You tentacle-slap the bat.
You kill the bat!
Your Stealth skill increases to level 1!
No target in view!
No target in view!
No target in view!
No target in view!
No target in view!
No target in view!
No target in view!
No target in view!
No target in view!
No target in view!
No target in view!
No target in view!
No target in view!
A quokka comes into view.
Found a stone staircase leading down.
You see here a bat corpse.
The helpless quokka fails to defend itself.
You tentacle-slap the quokka but do no damage.
Your grab misses the quokka. The quokka bites you. x2
* * * LOW HITPOINT WARNING * * *
You are too injured to fight recklessly!
HP[-8]
You take 8 damage, and now have 5/13 hp.
MASSIVE DAMAGE!! (PAUSE)
You are too injured to fight recklessly!
You are too injured to fight recklessly!
You are too injured to fight recklessly!
You are too injured to fight recklessly!
You are too injured to fight recklessly!
You are too injured to fight recklessly!
You are too injured to fight recklessly!
You are too injured to fight recklessly!
You are too injured to fight recklessly!
You are too injured to fight recklessly!
You are too injured to fight recklessly!
You are too injured to fight recklessly!
You are too injured to fight recklessly!
There are monsters nearby!
You closely miss the quokka. Your grab misses the quokka.
The quokka closely misses you.
You closely miss the quokka. You grab the quokka. You constrict the quokka.
The quokka completely misses you.
You barely miss the quokka. You constrict the quokka. The quokka bites you.
You die...

Skill      XL: |  1 |
---------------+----+-----
Stealth        | 1 |  1.1
Fighting       | |  1.0
Dodging        | |  2.0
Unarmed Combat | |  3.0
Shapeshifting  | |  3.0

Action                     || total
---------------------------++-------
  Melee: Unarmed           ||     8
         Constrict         ||     2
         Tentacles         ||     1
   Stab: Sleeping          ||     2
 Armour: Skin              ||     3
  Dodge: Dodged            ||     6

Levels and vault maps discovered:
D:1:      minmay_arrival_diagonal_passages, layout_loops_cross

Notes
Turn   | Place    | Note
-------+----------+-------------------------------------------
     0 | D:1      | zeratav the Octopode Shapeshifter began the quest for the
                  | Orb.
     0 | D:1      | Reached XP level 1. HP: 13/13 MP: 1/1
     0 | D:1      | magus.rc [v1.9.6]
    33 | D:1      | Reached skill level 1 in Stealth
    40 | D:1      | Slain by a quokka

Vanquished Creatures
  A bat (D:1)
  A rat (D:1)
2 creatures vanquished.

Table legend:
 A = Non-vault XP
 B = Vault XP
 C = Vault XP percentage of total XP
 D = Non-vault monster count
 E = Vault monster count
 F = Vault count percentage of total count
                 A         B        C        D         E       F
            +---------+---------+-------+---------+---------+-------
      Total |       3 |       0 |   0.0 |       2 |       0 |   0.0
            +---------+---------+-------+---------+---------+-------
        D:1 |       3 |       0 |   0.0 |       2 |       0 |   0.0
            +---------+---------+-------+---------+---------+-------

Skill      XL: |  1 |
---------------+----+-----
Stealth        | 1 |  1.1
Fighting       | |  1.0
Dodging        | |  2.0
Unarmed Combat | |  3.0
Shapeshifting  | |  3.0

Action                     || total
---------------------------++-------
  Melee: Unarmed           ||     8
         Constrict         ||     2
         Tentacles         ||     1
   Stab: Sleeping          ||     2
 Armour: Skin              ||     3
  Dodge: Dodged            ||     6

Illustrated notes

Table legend:
 A = Kills in this place as a percentage of kills in the entire game.
 B = Kills by you in this place as a percentage of kills by you in the entire game.
 C = Kills by friends in this place as a percentage of kills by friends in the entire game.
 D = Other kills in this place as a percentage of other kills in the entire game.
 E = Experience gained in this place as a percentage of experience gained in the entire game.
 F = Experience gained in this place divided by the number of levels of this place that you have seen.
                   A       B       C       D       E      F
               +-------+-------+-------+-------+-------+----------------------
         Total | 100.0 | 100.0 |   N/A |   N/A | 100.0 |   3.0
       Dungeon | 100.0 | 100.0 |   N/A |   N/A | 100.0 |   3.0
               +-------+-------+-------+-------+-------+----------------------

Table legend: (Time is in decaauts)
 A = Elapsed time spent in this place.
 B = Non-inter-level travel time spent in this place.
 C = Inter-level travel time spent in this place.
 D = Time resting spent in this place.
 E = Time spent auto-exploring this place.
 F = Levels seen in this place.
 G = Mean time per level.
                   A        B        C        D        E       F      G
               +--------+--------+--------+--------+--------+-----+--------+
         Total |     39 |     39 |      0 |      0 |     22 |   1 |   39.0 |
       Dungeon |     39 |     39 |      0 |      0 |     22 |   1 |   39.0 |
               +--------+--------+--------+--------+--------+-----+--------+

Top non-repeatable levels by time:
     D:1: 39 daAuts
